 Dungeon Crawl Stone Soup version 0.28.0 (webtiles) character file.

Game seed: 10062336277185651627

661 bande the Covered (level 7, -11/44 HPs)
             Began as a Gargoyle Fighter on Feb 8, 2022.
             Mangled by an ogre (15 damage)
             ... on level 6 of the Dungeon.
             The game lasted 00:07:52 (6119 turns).

bande the Covered (Gargoyle Fighter)                Turns: 6119, Time: 00:07:53

Health: -11/44     AC: 14    Str: 20    XL:     7   Next: 56%
Magic:  7/7        EV:  7    Int:  8    God:
Gold:   216        SH:  5    Dex: 11    Spells: 6/6 levels left

rFire   . . .      SeeInvis .   a - +0 war axe
rCold   . . .      Faith    .   c - +1 buckler
rNeg    + . .      Spirit   .   i - +0 chain mail
rPois   ∞          Reflect  .   (no helmet)
rElec   +          Harm     .   (no cloak)
rCorr   .          Rampage  .   (no gloves)
Will    .....                   (no boots)
Stlth   ..........              (no amulet)
HPRegen 0.14/turn               j - ring of flight
MPRegen 0.10/turn               (no ring)

@: flying
A: sickness immunity, AC +4, negative energy resistance 1, electricity
resistance, torment resistance 1, petrification resistance
a: no special abilities


You were on level 6 of the Dungeon.
You visited 1 branch of the dungeon, and saw 6 of its levels.
You also visited: Sewer.

You collected 227 gold pieces.
You spent 11 gold pieces at shops.

Inventory:

Hand Weapons
 a - a +0 war axe (weapon)
Armour
 c - a +1 buckler (worn)
 i - a +0 chain mail (worn)
Jewellery
 b - an amulet of the acrobat
 j - a ring of flight (left hand)
Scrolls
 d - a scroll of identify
Potions
 e - 3 potions of flight
 f - 2 potions of curing
 g - a potion of brilliance


   Skills:
 + Level 4.7 Fighting
 + Level 5.2 Axes
 + Level 5.6 Armour
 - Level 0.1 Dodging
 - Level 0.2 Stealth
 + Level 4.2 Shields


You had 6 spell levels left.
You didn't know any spells.
Your spell library was empty.

Dungeon Overview and Level Annotations

Branches:
Dungeon (6/15)              Sewer (visited)
 Temple: D:4-7

Altars:
Cheibriados
Gozag
Kikubaaqudgha
Qazlal
Ru
Yredelemnul

Shops:
D:1 !


Innate Abilities, Weirdness & Mutations

You are immune to sickness and miasma.
Your stone body is resilient. (AC +4)
You are immune to poison.
You resist negative energy. (rN+)
You are resistant to electric shocks. (rElec)
You are resistant to unholy torment.
You are immune to petrification.


Message History

You fly downwards.
The hatch slams shut behind you.
The orc shouts!
Found a scroll of identify, 12 arrows, 3 poisoned darts and 17 bolts.
Found a stone staircase leading down.
You barely miss the quokka. The quokka barely misses you.
You block the quokka's attack.
Unknown command.
You slash the quokka!
You kill the quokka!
The orc hits you but does no damage.
You closely miss the orc. The orc hits you but does no damage.
You hit the orc.
The orc is almost dead.
The orc hits you but does no damage.
You slash the orc!
You kill the orc!
Things that are here:
a +0 dagger; a +0 leather armour; an orc corpse
d - a scroll of identify You start resting.
You start resting.
You start resting.
HP restored.
An ogre comes into view. It is wielding a +0 giant spiked club.
The ogre shouts!
You hit the ogre but do no damage.
The ogre hits you with a +0 giant spiked club!
You hit the ogre but do no damage. The ogre barely misses you.
You slash the ogre!
The ogre is moderately wounded.
The ogre hits you with a +0 giant spiked club!
* * * LOW HITPOINT WARNING * * *
You hit the ogre but do no damage.
The ogre is moderately wounded.
The ogre hits you with a +0 giant spiked club!
* * * LOW HITPOINT WARNING * * *
You completely miss the ogre.
The ogre is moderately wounded.
The ogre hits you with a +0 giant spiked club!
You die...

. .## ..# #.. ..
#.##.#
#.##.####+##
#O.#.##....##
#@.#.##.(...###
#..#.##....(..#
#..#.##.......#
#....##.......#
##+#..##.......##
#...............#
#.....)..######(#
#........# #
#...#>...#


You could see an ogre.

Vanquished Creatures
  Grinder (D:3)
  A centaur (D:3)
  A kobold brigand (Sewer)
  An orc priest (D:4)
  Jessica (D:3)
  Natasha (thrice) (D:3)
  2 iguanas
  3 river rats
  An adder skeleton (D:4)
  4 dart slugs (D:1)
  7 orcs
  10 ball pythons
  6 bats
  7 endoplasms
  7 giant cockroaches
  5 hobgoblins
  5 jackals
  4 quokkas
  6 frilled lizards
  4 goblins
  7 kobolds
  11 rats
97 creatures vanquished.

Vanquished Creatures (others)
  An orc wizard (D:5)
  An orc (D:5)
2 creatures vanquished.

Grand Total: 99 creatures vanquished

Notes
Turn   | Place    | Note
-------+----------+-------------------------------------------
     0 | D:1      | bande the Gargoyle Fighter began the quest for the Orb.
     0 | D:1      | Reached XP level 1. HP: 14/14 MP: 1/1
   232 | D:1      | Found a faded altar of an unknown god.
   238 | D:1      | Reached XP level 2. HP: 18/19 MP: 2/2
   519 | D:1      | Reached XP level 3. HP: 21/23 MP: 3/3
   680 | D:1      | Found Qetwoit's Distillery.
   688 | D:1      | Bought a potion of degeneration for 11 gold pieces
  1301 | D:2      | Found an ancient bone altar of Kikubaaqudgha.
  1767 | D:3      | Found a snail-covered altar of Cheibriados.
  1797 | D:3      | Noticed Grinder
  1804 | D:3      | Paralysed by Grinder for 6 turns
  1816 | D:3      | Paralysed by Grinder for 7 turns
  1828 | D:3      | Paralysed by Grinder for 3 turns
  1837 | D:3      | Paralysed by Grinder for 7 turns
  1849 | D:3      | Killed Grinder
  1850 | D:3      | Reached XP level 4. HP: 14/29 MP: 4/4
  1850 | D:3      | Reached XP level 5. HP: 16/33 MP: 5/5
  1850 | D:3      | Reached XP level 6. HP: 18/38 MP: 6/6
  2326 | D:3      | Noticed Natasha
  2339 | D:3      | Killed Natasha
  2474 | D:3      | Noticed Jessica
  2479 | D:3      | Killed Jessica
  2480 | D:3      | Reached skill level 5 in Armour
  3360 | D:3      | Noticed Natasha
  3373 | D:3      | Killed Natasha
  3549 | D:3      | Noticed Natasha
  3555 | D:3      | Killed Natasha
  3639 | D:4      | Found a sacrificial altar of Ru.
  3643 | D:4      | Reached XP level 7. HP: 44/44 MP: 7/7
  3719 | D:4      | Found a glowing drain.
  3747 | Sewer    | Entered a sewer
  4063 | Sewer    | Found a white marble altar of Elyvilon.
  4255 | D:4      | Reached skill level 5 in Axes
  4979 | D:4      | Found an opulent altar of Gozag.
  5411 | D:4      | Found a basalt altar of Yredelemnul.
  5440 | D:4      | Found a stormy altar of Qazlal.
  5665 | D:5      | Entered Level 5 of the Dungeon
  6119 | D:6      | Mangled by an ogre

Illustrated notes

Levels and vault maps discovered:
D:1:      ncdulo_wetmaze, layout_rooms, serial_shops, shop,
          shapermc_ecumenical_altar_starsandcircs, roderic_lattice_a,
          grunt_decor_junction
D:2:      layout_basic, basic_altar, interstate_on_off
D:3:      layout_basic, mainiacjoe_overflow_concentric_impassable,
          kennysheep_big_empty_room, hangedman_decor_growths, uniq_grinder,
          uniq_jessica, uniq_natasha
D:4:      layout_loops_corners, lemuel_round_altar,
          nicolae_gozag_cash_rules_everything_around_me,
          mainiacjoe_overflow_two_lobes, portal_sewer_entry_b
D:5:      layout_loops_ring, minmay_temple_entry_ruins,
          gammafunk_ghost_mausoleum, amcnicky_mini_corridor_feature,
          uniq_edmund, uniq_blork_the_orc
D:6:      layout_basic, good_gods_mini_temple,
          mainiacjoe_overflow_six_doors_small, minmay_bent

Skill      XL: |  1  2  3  4  5  6  7 |
---------------+----------------------+-----
Axes           | 2 3 4 5 |  5.2
Fighting       | 4 |  4.7
Armour         | 4 5 |  5.6
Shields        | 4 |  4.2
Dodging        | |  0.1
Stealth        | |  0.2

Action                   |  1- 3 |  4- 6 |  7- 9 || total
-------------------------+-------+-------+-------++-------
Melee: War axe           |   129 |    62 |   124 ||   315
  Use: Scroll            |     5 |     1 |     2 ||     8
       Potion            |     4 |       |     1 ||     5
Armor: Scale mail        |    25 |       |       ||    25
       Chain mail        |    38 |    46 |    90 ||   174
Dodge: Dodged            |    60 |    30 |    46 ||   136
Block: Buckler           |    26 |    18 |    30 ||    74
